 Dungeon Crawl Stone Soup version 0.18.1-8-gdd0e5ea (webtiles) character file.

3760 deorigin the Cruncher (level 9, -6/61 HPs)
             Began as a Demonspawn Gladiator on June 5, 2016.
             Was a Follower of Okawaru.
             Killed by nerve-wracking pain
             ... invoked by an orc priest
              (13 damage)
             ... on level 9 of the Dungeon.
             The game lasted 00:22:47 (8657 turns).

deorigin the Cruncher (Demonspawn Gladiator)        Turns: 8657, Time: 00:22:48

Health: -6/61      AC: 10    Str: 16    XL:     9   Next: 94%
Magic:  9/9        EV:  5    Int: 12    God:    Okawaru [*.....]
Gold:   555        SH:  6    Dex: 14    Spells: 0 memorised, 8 levels left

rFire  . . .     SeeInvis .     a - +0 quarterstaff
rCold  + . .     Gourm    .     Z - +0 plate armour
rNeg   . . .     Faith    .     (shield currently unavailable)
rPois  .         Spirit   .     (helmet restricted)
rElec  .         Dismiss  .     (no cloak)
rCorr  .         Reflect  +     (no gloves)
SustAt .         Harm     .     (no boots)
MR     .....                    S - +6 amulet of reflection
Stlth  ..........               m - ring of wizardry
                                C - ring of protection from cold

@: hasted, very quick, not resistant to hostile enchantments, extremely
unstealthy
A: horns 2, demonic guardian 2
a: Heroism, Renounce Religion


You were on level 9 of the Dungeon.
You worshipped Okawaru.
Okawaru was aware of your devotion.
You were very hungry.

You visited 2 branches of the dungeon, and saw 10 of its levels.

You collected 555 gold pieces.

Inventory:

Hand Weapons
 a - a +0 quarterstaff (weapon)
 D - the +5 spear "Killer Klown's Peril" {flame, rElec Dex+5 Stlth-}
   (You found it on level 5 of the Dungeon)

   It has been specially enchanted to burn those struck by it, causing extra
   injury to most foes and up to half again as much damage against particularly
   susceptible opponents.
   It affects your dexterity (+5).
   It insulates you from electricity.
   It makes you less stealthy.
 I - a +2 flail
 K - a +0 morningstar
 T - a cursed -3 whip
Missiles
 d - 3 throwing nets (quivered)
 q - 19 tomahawks
 v - 32 poisoned needles
 x - 7 curare-tipped needles
Armour
 b - a +0 leather armour
 c - a +0 helmet
 j - a +0 ring mail
 Z - a +0 plate armour (worn)
Magical Staves
 P - an uncursed staff of death
Jewellery
 k - an uncursed amulet of regeneration
 l - an uncursed ring of sustain attributes
 m - a ring of wizardry (right hand)
 A - an uncursed amulet of guardian spirit
 C - a ring of protection from cold (left hand)
 N - an uncursed ring of resist corrosion
 O - an uncursed ring of magical power
 S - a +6 amulet of reflection (around neck)
Wands
 G - a wand of lightning (11/15)
 Y - a wand of disintegration (17/24)
Scrolls
 e - a scroll of magic mapping {unknown}
 h - 2 scrolls of blinking {unknown}
 i - 2 scrolls of remove curse {unknown}
 n - a scroll of teleportation {unknown}
 p - 2 scrolls of enchant armour {unknown}
 u - a scroll of recharging {unknown}
 F - 2 scrolls of amnesia {unknown}
 H - a scroll of fog {unknown}
 L - a scroll of summoning {unknown}
 U - a scroll of random uselessness {unknown}
 X - a scroll of noise {unknown}
Potions
 g - 4 potions of curing
 o - a potion of haste
 r - 3 potions of ambrosia
 s - a potion of degeneration
 w - a potion of agility
 z - a potion of lignification
 E - a potion of might
 V - a potion of resistance {unknown}
 W - a potion of magic {unknown}
Books
 M - a book of Flames

   Spells                             Type                      Level
   a - Flame Tongue                   Conjuration/Fire             1
   b - Throw Flame                    Conjuration/Fire             2
   c - Conjure Flame                  Conjuration/Fire             3
   d - Inner Flame                    Hexes/Fire                   3
   e - Sticky Flame                   Conjuration/Fire             4
   f - Fireball                       Conjuration/Fire             5
Comestibles
 f - 6 bread rations
 t - a royal jelly
 B - 4 meat rations
 J - a fruit
 Q - 3 beef jerkies
 R - 7 slices of pizza


   Skills:
 - Level 2.0 Fighting
 + Level 12.8 Staves
 - Level 1.7 Throwing
 - Level 1.4 Armour
 - Level 2.6 Dodging
 * Level 0.3 Invocations


You had 8 spell levels left.
You didn't know any spells.

Dungeon Overview and Level Annotations

Branches:
Dungeon (9/15)             Temple (1/1) D:5
   Lair: D:8-11         Orc: D:9-12

Altars:
Ashenzari
Cheibriados
Dithmenos
Elyvilon
Fedhas
Gozag
Kikubaaqudgha
Makhleb
Nemelex Xobeh
Okawaru
Pakellas
Qazlal
Ru
Sif Muna
Trog
Vehumet
Xom
Yredelemnul
Zin
The Shining One

Shops:
D:4 (*   D:8 %

Annotations:
D:4 deorigin's ghost, amateur TrMo


Innate Abilities, Weirdness & Mutations

You have a pair of horns on your head.
A demonic guardian rushes to your aid.


Message History

The orc priest is lightly wounded.
The orc priest mumbles some strange prayers to Beogh against you.
Pain shoots through your body!
* * * LOW HITPOINT WARNING * * *
You closely miss the orc priest.
The orc priest is lightly wounded.
The orc priest miscasts a cantrip.
You block the orc priest's attack.
You hit the orc priest but do no damage.
The orc priest is lightly wounded.
The orc priest hits you but does no damage.
Your plate armour prevents you from hitting the orc priest.
You headbutt the orc priest.
The orc priest is lightly wounded.
The orc priest hits you but does no damage.
Drink which item? (? for menu, Esc to quit)
You feel yourself speed up.
The orc priest mumbles some strange prayers to Beogh against you.
Pain shoots through your body!
You die...

........# #.......#
........# #.....#
........### #)....#
..........# #.....###
.)........# #.>......
#.........#
###.[......
#.#####...#
#.......... #.#
#...#######o.........
#.#
#.........@..........
#.#
#.........o..........
#.#
#....................
..+
#........#########...
..# #........# ...
..# #........# ..#
#......### .....
.......# ......
......


You could see 2 orc priests.

Vanquished Creatures
  A yak (D:7)
  A hippogriff (D:7)
  An orc warrior (D:9)
  A phantom (D:7)
  An ice beast (D:7)
  3 sky beasts
  4 centaurs
  A crocodile (D:8)
  A giant frog (D:7)
  A water moccasin skeleton (D:7)
  A wyvern skeleton (D:8)
  A scorpion (D:6)
  5 wights (D:6)
  A vampire bat (D:4)
  An electric eel (D:7)
  3 jellies (D:5)
  7 crimson imps
  5 hounds
  4 orc priests
  A gnoll shaman (D:5)
  3 giant frog skeletons
  5 orc wizards
  A centaur skeleton (D:8)
  8 worker ants
  3 sheep (D:7)
  2 hound skeletons
  6 gnolls
  8 adders
  2 oozes
  An adder zombie (D:8)
  An adder skeleton (D:8)
  2 worms
  A dart slug (D:1)
  3 giant geckos
  18 orcs
  A ball python (D:4)
  12 bats
  3 giant cockroaches
  7 hobgoblins
  13 jackals
  4 quokkas
  2 giant newts (D:2)
  16 goblins
  A jackal zombie (D:6)
  2 kobolds (D:2)
  A quokka skeleton (D:8)
  A quokka zombie (D:6)
  6 rats
177 creatures vanquished.

Vanquished Creatures (collateral kills)
  Prince Ribbit (D:6)
  A two-headed ogre (D:8)
  A human (D:7)
  A hippogriff (D:7)
  A black bear (D:8)
  A howler monkey (D:6)
  A worker ant (D:6)
  2 orcs
9 creatures vanquished.

Vanquished Creatures (others)
  An orc warrior (D:8)
1 creature vanquished.

Grand Total: 187 creatures vanquished

Notes
Turn   | Place    | Note
--------------------------------------------------------------
     0 | D:1      | deorigin the Demonspawn Gladiator began the quest for the Orb.
     0 | D:1      | Reached XP level 1. HP: 16/16 MP: 1/1
   277 | D:1      | Reached skill level 3 in Staves
   291 | D:1      | Gained mutation: You have a pair of small horns on your head. [demonic ancestry]
   291 | D:1      | Reached XP level 2. HP: 18/22 MP: 2/2
   877 | D:2      | Reached XP level 3. HP: 27/27 MP: 3/3
  1138 | D:2      | Reached skill level 4 in Staves
  1492 | D:3      | Reached XP level 4. HP: 28/33 MP: 4/4
  1636 | D:3      | Found a faded altar to an unknown god.
  1821 | D:3      | Found an opulent altar of Gozag.
  1886 | D:3      | Reached skill level 1 in Armour
  2001 | D:3      | Reached skill level 5 in Staves
  2001 | D:3      | Reached XP level 5. HP: 38/38 MP: 5/5
  2190 | D:4      | Found a basalt altar of Yredelemnul.
  2392 | D:4      | Found Iclovver's Serpentskin Sales.
  2505 | D:4      | Noticed deorigin's ghost (amateur TrMo)
  2572 | D:4      | Found Yramaji's Weapon Shoppe.
  2709 | D:4      | Found a glowing silver altar of Zin.
  2875 | D:4      | Gained mutation: A weak demonic guardian rushes to your aid. [demonic ancestry]
  2875 | D:4      | Reached XP level 6. HP: 44/44 MP: 6/6
  2882 | D:4      | Reached skill level 6 in Staves
  3180 | D:5      | Entered Level 5 of the Dungeon
  3325 | D:5      | Noticed a sky beast
  3470 | D:5      | Killed a sky beast
  3470 | D:5      | Reached skill level 7 in Staves
  3470 | D:5      | Reached XP level 7. HP: 33/50 MP: 7/7
  3562 | D:5      | Got an iridescent spear
  3563 | D:5      | Identified the +5 spear "Killer Klown's Peril" {flame, rElec Dex+5 Stlth-} (You found it on level 5 of the Dungeon)
  3860 | D:5      | Reached skill level 8 in Staves
  4120 | D:5      | Found a staircase to the Ecumenical Temple.
  4129 | Temple   | Entered the Ecumenical Temple
  4418 | D:6      | Gained mutation: You have a pair of horns on your head. [demonic ancestry]
  4418 | D:6      | Reached XP level 8. HP: 51/56 MP: 8/8
  4507 | D:6      | Reached skill level 9 in Staves
  4748 | D:6      | Noticed Prince Ribbit
  4772 | D:6      | Killed Prince Ribbit
  4838 | D:6      | Reached skill level 10 in Staves
  5962 | D:7      | Reached skill level 11 in Staves
  5962 | D:7      | Gained mutation: A demonic guardian rushes to your aid. [demonic ancestry]
  5962 | D:7      | Reached XP level 9. HP: 49/61 MP: 9/9
  6967 | D:7      | Found a glowing golden altar of the Shining One.
  6967 | D:7      | Found an iron altar of Okawaru.
  6969 | D:7      | Found a snail-covered altar of Cheibriados.
  6977 | D:7      | Became a worshipper of Warmaster Okawaru
  7118 | D:8      | Reached skill level 12 in Staves
  7743 | D:8      | Reached * piety under Okawaru
  7904 | D:8      | Found Hoekh's Food Shop.
  8469 | D:8      | Found a burning altar of Makhleb.
  8540 | D:8      | Found a deep blue altar of Sif Muna.
  8657 | D:9      | Killed from afar by an orc priest

Skill      XL: |  1  2  3  4  5  6  7  8  9 |
---------------+----------------------------+-----
Staves         | 3 4 5 7 8 11 12 | 12.8
Armour         | 1 |  1.4
Fighting       | |  2.0
Throwing       | |  1.7
Dodging        | |  2.6
Invocations    | |  0.3

Action                   |  1- 3 |  4- 6 |  7- 9 || total
-------------------------+-------+-------+-------++-------
Melee: Quarterstaff      |   113 |   185 |   478 ||   776
       Headbutt          |    13 |    30 |    89 ||   132
       Spear             |       |       |    21 ||    21
Throw: Throwing net      |     2 |       |       ||     2
  Use: Scroll            |       |     4 |     3 ||     7
       Potion            |       |       |     2 ||     2
  Eat: Chunk             |     2 |     6 |    12 ||    20
       Royal jelly       |       |       |     1 ||     1
       Fruit             |       |       |     2 ||     2
Armor: Leather armour    |     8 |       |       ||     8
       Ring mail         |    34 |    65 |    72 ||   171
       Plate armour      |       |       |    18 ||    18
Dodge: Dodged            |    61 |   118 |   204 ||   383
Block: Other             |       |       |    31 ||    31
       Reflection        |       |       |     6 ||     6
